AoeStats
← tonyborder

Black Forest

504973399Analyzed
3v3 RM · 25d ago on Sep 7, 2026· 46m 50s· 6 players
Game mode
Random Map
Map size
Normal (6 player)
Population
200
Speed
Normal
Resources
Standard
Victory
Conquest
Starting age
Dark Age
Ending age
Imperial Age
RankedLock teamsTeams togetherTeam positionsShared explorationLock speedFull tech treeHidden civsTurbo modeCheats
Victory
Defeat
🇨🇳 Huns · China
1007
+6
🇨🇳 Spanish · China
989
+6
🇦🇷 Mapuche · Argentina
975
+7
🇧🇷 Japanese · Brazil
825
-8
🇨🇳 Vikings · China
729
-6
🇩🇪 Franks · Germany
701
-5
Buddy
1:50 Loom
13:55 Feudal Age
21:45 Castle Age
20:58 Double-Bit Axe
23:09 Stone Mining
37:14 Imperial Age
35:22 Wheelbarrow
35:58 Scale Barding Armor
36:03 Forging
35:45 Fletching
36:13 Bow Saw
37:03 Chain Barding Armor
37:03 Husbandry
41:55 Chemistry
40:52 Cavalier
42:43 Chivalry
juniornmlima
0:35 Loom
19:26 Feudal Age
24:48 Castle Age
33:23 Man-at-Arms
34:53 Long Swordsman
36:52 Arson
37:46 Squires
37:32 Gambesons
38:19 Forging
AUFSTAND
11:09 Feudal Age
10:08 Loom
17:28 Castle Age
17:05 Double-Bit Axe
17:03 Horse Collar
19:04 Bow Saw
18:59 Heavy Plow
29:11 Imperial Age
26:33 Treadmill Crane
27:32 Scale Mail Armor
27:53 Forging
28:12 Stone Mining
28:20 Gold Mining
28:51 Chain Mail Armor
29:12 Iron Casting
29:03 Squires
28:49 Arson
29:52 Chieftains
30:14 Conscription
31:40 Blast Furnace
31:17 Plate Mail Armor
32:13 Gold Shaft Mining
31:19 Capped Ram
34:01 Siege Engineers
37:07 Two-Man Saw
36:39 Crop Rotation
37:13 Siege Ram
44:34 Caravan
GucciStone666
0:31 Loom
13:04 Feudal Age
20:39 Castle Age
19:30 Horse Collar
19:41 Double-Bit Axe
19:52 Stone Mining
21:15 Gold Mining
21:17 Town Watch
25:43 Wheelbarrow
25:11 Heavy Plow
32:47 Imperial Age
30:48 Scale Barding Armor
31:52 Bloodlines
31:45 Husbandry
32:26 Hand Cart
37:27 Cavalier
42:20 Forging
44:45 Conscription
47:04 Iron Casting
46:50 Chain Barding Armor
tonyborder
0:32 Loom
12:12 Feudal Age
16:14 Castle Age
16:24 Double-Bit Axe
18:08 Horse Collar
20:21 Heavy Plow
20:33 Bow Saw
32:25 Imperial Age
31:48 Wheelbarrow
31:15 Gold Mining
31:29 Champi Runner
32:41 Forging
32:31 Scale Mail Armor
33:03 Malon
32:52 Elite Bolas Rider
35:52 Crop Rotation
36:00 Gold Shaft Mining
38:47 Fletching
38:57 Padded Archer Armor
40:12 Champi Warrior
41:26 Elite Champi Warrior
43:27 Iron Casting
43:10 Leather Archer Armor
45:42 Chain Mail Armor
46:28 Blast Furnace
45:25 Bodkin Arrow
46:01 Ring Archer Armor
伐伐伐伐伐木工
0:50 Loom
0:55 Loom
14:52 Feudal Age
21:14 Castle Age
23:17 Horse Collar
23:24 Double-Bit Axe
30:10 Wheelbarrow
29:37 Heavy Plow
34:08 Imperial Age
32:43 Hand Cart
32:40 Forging
32:35 Scale Barding Armor
33:30 Marauders
33:28 Gold Mining
33:31 Stone Mining
33:59 Bow Saw
34:12 Bloodlines
34:03 Husbandry
34:41 Iron Casting
34:11 Scale Barding Armor
36:23 Blast Furnace
35:46 Conscription
36:36 Chain Barding Armor
37:45 Elite Tarkan
43:15 Two-Man Saw
42:38 Pikeman
42:45 Elite Skirmisher
Connection lost

Rejoining the realm…

Still unreachable

The connection could not be restored.

Session expired

The server has moved on; the page needs a fresh start.